 Dungeon Crawl Stone Soup version 0.20.1-1-g8b1a95d (webtiles) character file.

458 Linguinho the Caller (level 6, -6/43 HPs)
             Began as a Demonspawn Summoner on Nov 5, 2017.
             Killed by divine providence
             ... invoked by an orc priest
              (12 damage)
             ... on level 4 of the Dungeon.
             The game lasted 00:09:26 (3123 turns).

Linguinho the Caller (Demonspawn Summoner)          Turns: 3123, Time: 00:09:27

Health: -6/43      AC:  7    Str:  8    XL:     6   Next: 77%
Magic:  5/11       EV: 13    Int: 18    God:
Gold:   205        SH:  0    Dex: 14    Spells: 2/11 levels left

rFire    . . .     SeeInvis .   w - +4 quarterstaff (chaos)
rCold    . . .     Gourm    .   (shield currently unavailable)
rNeg     . . .     Faith    .   a - +0 robe
rPois    .         Spirit   .   (no helmet)
rElec    .         Reflect  .   x - +2 cloak
rCorr    .         Harm     .   (no gloves)
MR       .....                  (no boots)
Stlth    ++........             (no amulet)
Regen    0.2/turn               (no ring)
MPRegen  0.2/turn               (no ring)

@: very slightly contaminated
A: thin metallic scales 1, powered by death 1, rot immunity
a: no special abilities


You were on level 4 of the Dungeon.
You were not hungry.

You visited 1 branch of the dungeon, and saw 4 of its levels.

You collected 205 gold pieces.

Inventory:

Hand Weapons
 e - a +1 spear of piercing
 w - a +4 quarterstaff of chaos (weapon)
Armour
 a - a +0 robe (worn)
 o - a +0 pair of gloves
 x - a +2 cloak (worn)
Jewellery
 i - an uncursed amulet of faith {unknown}
 l - an uncursed ring of stealth {unknown}
 s - an uncursed ring of positive energy {unknown}
 u - an uncursed amulet of faith {unknown}
Wands
 y - a wand of flame (22/48)
 E - a wand of random effects (28/48)
Scrolls
 d - 2 scrolls of remove curse
 f - a scroll of enchant weapon {unknown}
 g - a scroll of magic mapping {unknown}
 k - 2 scrolls of random uselessness {unknown}
 r - a scroll of teleportation
 t - 2 scrolls of amnesia {unknown}
 A - a scroll of enchant armour {unknown}
 D - a scroll of identify {unknown}
 F - a scroll of blinking {unknown}
Potions
 h - a potion of might
 m - a potion of heal wounds {unknown}
 n - a potion of ambrosia {unknown}
 q - a potion of cancellation {unknown}
 v - a potion of mutation {unknown}
 z - a potion of lignification {unknown}
 B - 2 potions of berserk rage {unknown}
 C - 2 potions of haste {unknown}
Books
 b - a book of Callings

   Spells                             Type                      Level
   a - Summon Small Mammal            Summoning                    1
   b - Call Imp                       Summoning                    2
   c - Call Canine Familiar           Summoning                    3
   d - Summon Guardian Golem          Hexes/Summoning              3
   e - Summon Lightning Spire         Summoning/Air                4
   f - Summon Ice Beast               Ice/Summoning                4
Comestibles
 c - 5 bread rations
 j - a meat ration
 p - 2 fruits
 G - a royal jelly


   Skills:
 + Level 1.1 Fighting
 + Level 2.2(2.5) Polearms
 + Level 1.5(2.2) Staves
 + Level 1.0 Armour
 + Level 2.9 Dodging
 - Level 2.1 Stealth
 + Level 3.4 Spellcasting
 + Level 5.5 Summonings


You had 2 spell levels left.
You knew the following spells:

 Your Spells              Type           Power        Failure   Level  Hunger
a - Summon Small Mammal   Summ           ###.         1%          1    None
b - Call Imp              Summ           ###.....     2%          2    ##.....
c - Call Canine Familiar  Summ           ###.....     4%          3    ###....
d - Summon Guardian Gole  Hex/Summ       ##......     16%         3    ###....


Dungeon Overview and Level Annotations

Branches:
Dungeon (4/15)
 Temple: D:4-7

Altars:
Fedhas
Xom


Innate Abilities, Weirdness & Mutations

You are partially covered in thin metallic scales. (AC +2)
You regenerate a little health from kills.
You are immune to rotting.


Message History

The orc wizard flickers and vanishes!
Deactivating autopickup; reactivate with Ctrl-A.
The orc priest misses your crimson imp.
Your crimson imp misses the orc priest.
Autopickup is now on.
Something hits your crimson imp.
The orc priest closely misses your crimson imp.
The orc wizard gestures at you while chanting.
The magic dart hits your crimson imp.
Your crimson imp closely misses the orc wizard.
Something hits your crimson imp.
Your crimson imp dies!
The orc priest invokes the aid of Beogh against you.
Beogh smites you!
* * * LOW HITPOINT WARNING * * *
The orc wizard casts a spell.
The orc wizard blinks!
There is an open door here.
The orc priest invokes the aid of Beogh against you.
Beogh smites you!
You die...

#######......#.......#......
####....#...#..§≈§..#§.....
#.....)))...+..≈≈≈§o§o.o...
#...........#..≈§≈.o#..##..
#...........#...§§§.# .#
#...........#.......# .#
#..........#####'####..#
#..........# ###.......#
#..........###.@........
####......#..............
..........#..............
..........#.........####.
..................###
..................#
#####.............#
#.............#
#.............#


You could see an orc priest and an orc.

Vanquished Creatures
  Sigmund (D:2)
  A scorpion (D:4)
  An orc priest (D:4)
  A centaur skeleton (D:4)
  An orc wizard (D:3)
  Ijyb (D:3)
  A worker ant (D:4)
  A gnoll (D:1)
  2 worms
  A dart slug (D:2)
  2 leopard geckos
  6 orcs
  3 giant cockroaches
  8 goblins
  7 hobgoblins
  2 jackals
  A ball python (D:4)
  6 bats
  2 frilled lizards
  A jackal skeleton (D:4)
  5 kobolds
  A quokka skeleton (D:4)
  7 rats
62 creatures vanquished.

Vanquished Creatures (collateral kills)
  The ghost of ak87 the Changer, a weakling DgTm (D:3)
  Crazy Yiuf (D:2)
  Jessica (D:2)
  Terence (D:2)
  2 orc wizards (D:4)
  An adder (D:2)
  2 orcs
  2 hobgoblins
  5 jackals
  A ball python (D:2)
  2 bats (D:1)
  2 frilled lizards (D:1)
  A kobold (D:3)
  2 rats
24 creatures vanquished.

Grand Total: 86 creatures vanquished

Notes
Turn   | Place    | Note
-------+----------+-------------------------------------------
     0 | D:1      | Linguinho the Demonspawn Summoner began the quest for the Orb.
     0 | D:1      | Reached XP level 1. HP: 13/13 MP: 3/3
   172 | D:1      | Gained mutation: You are partially covered in thin metallic scales. (AC +2) [demonic ancestry]
   172 | D:1      | Reached XP level 2. HP: 12/19 MP: 5/5
   176 | D:1      | Learned a level 2 spell: Call Imp
   573 | D:1      | Gained mutation: You are immune to rotting. [demonic ancestry]
   573 | D:1      | Reached XP level 3. HP: 24/24 MP: 6/6
  1027 | D:2      | Found a blossoming altar of Fedhas.
  1109 | D:2      | Reached skill level 1 in Polearms
  1141 | D:2      | Noticed Sigmund
  1212 | D:2      | Killed Sigmund
  1212 | D:2      | Reached XP level 4. HP: 15/31 MP: 0/8
  1212 | D:2      | Gained mutation: You regenerate a little health from kills. [demonic ancestry]
  1212 | D:2      | Reached XP level 5. HP: 17/36 MP: 0/9
  1418 | D:2      | Noticed Jessica
  1424 | D:2      | Killed Jessica
  1424 | D:2      | Reached skill level 5 in Summonings
  1498 | D:2      | Noticed Terence
  1511 | D:2      | Killed Terence
  1566 | D:2      | Found a runed door.
  1570 | D:2      | Noticed Crazy Yiuf
  1578 | D:2      | Killed Crazy Yiuf
  1935 | D:3      | Found a shimmering altar of Xom.
  1935 | D:3      | Found a shimmering altar of Xom.
  1935 | D:3      | Found a shimmering altar of Xom.
  1935 | D:3      | Found a shimmering altar of Xom.
  1935 | D:3      | Found a shimmering altar of Xom.
  1935 | D:3      | Noticed Ijyb
  1944 | D:3      | Killed Ijyb
  2079 | D:3      | Found a shimmering altar of Xom.
  2221 | D:3      | Noticed ak87's ghost (weakling DgTm)
  2239 | D:3      | Killed ak87's ghost
  2239 | D:3      | Reached XP level 6. HP: 39/42 MP: 2/10
  2629 | D:3      | Learned a level 3 spell: Call Canine Familiar
  2633 | D:3      | Learned a level 3 spell: Summon Guardian Golem
  2793 | D:4      | Reached skill level 1 in Staves
  2795 | D:4      | Reached skill level 1 in Fighting
  2816 | D:4      | Reached skill level 1 in Armour
  3123 | D:4      | Killed from afar by an orc priest

Skill      XL: |  1  2  3  4  5  6 |
---------------+-------------------+-----
Stealth        | 2 |  2.1
Dodging        | 2 |  2.9
Polearms       | 1 2 |  2.2
Summonings     | 5 |  5.5
Spellcasting   | 3 |  3.4
Staves         | 1 |  1.5
Fighting       | 1 |  1.1
Armour         | 1 |  1.0

Action                   |  1- 3 |  4- 6 || total
-------------------------+-------+-------++-------
Melee: Unarmed           |    14 |       ||    14
       Spear             |    99 |    15 ||   114
       Quarterstaff      |       |    59 ||    59
 Cast: Summon Small Mamm |     5 |     1 ||     6
       Call Imp          |    13 |    27 ||    40
       Summon Guardian G |       |     2 ||     2
       Call Canine Famil |       |     1 ||     1
  Use: Scroll            |       |     2 ||     2
       Potion            |       |     1 ||     1
 Stab: Sleeping          |     6 |     2 ||     8
       Distracted        |     1 |     1 ||     2
  Eat: Chunk             |     1 |     9 ||    10
Armor: Robe              |    34 |    19 ||    53
       Scale mail        |     1 |    21 ||    22
Dodge: Dodged            |    71 |    27 ||    98
